 Dungeon Crawl Stone Soup version 0.19-a0-1201-gda63bca (webtiles) character file.

60 Leszczynek the Cudgeler (level 4, 34/44 HPs)
             Began as an Ogre Earth Elementalist on Aug 20, 2016.
             Was an Initiate of the Shining One.
             Quit the game on level 4 of the Dungeon.
             The game lasted 00:07:29 (1251 turns).

Leszczynek the Cudgeler (Ogre Earth Elementalist)   Turns: 1251, Time: 00:07:29

Health: 34/44      AC:  3    Str: 14    XL:     4   Next: 4%
Magic:  7/7        EV: 10    Int: 14    God:    the Shining One [......]
Gold:   209        SH:  0    Dex: 10    Spells: 2 memorised, 4 levels left

rFire  . . .     SeeInvis .     a - +0 club
rCold  . . .     Gourm    .     c - +0 robe
rNeg   . . .     Faith    .     (no shield)
rPois  .         Spirit   .     (helmet restricted)
rElec  .         Dismiss  .     (no cloak)
rCorr  .         Reflect  .     (gloves unavailable)
MR     .....     Harm     .     (boots unavailable)
Stlth  +.........               (no amulet)
                                (no ring)
                                (no ring)

@: glowing
A: unfitting armour, tough skin 1
a: Renounce Religion


You were on level 4 of the Dungeon.
You worshipped the Shining One.
The Shining One was noncommittal.
You were not hungry.

You visited 1 branch of the dungeon, and saw 4 of its levels.

You collected 209 gold pieces.

Inventory:

Hand Weapons
 a - a +0 club (weapon)
 n - a +0 hunting sling
Missiles
 m - 2 tomahawks
 p - 14 stones (quivered)
Armour
 c - a +0 robe (worn)
Scrolls
 b - a scroll of immolation {unknown}
 f - a scroll of magic mapping {unknown}
 g - 2 scrolls of remove curse {unknown}
 i - 2 scrolls of amnesia {unknown}
 j - 2 scrolls of identify {unknown}
 k - a scroll of fear {unknown}
 l - 2 scrolls of enchant armour {unknown}
Potions
 h - a potion of flight {unknown}
Books
 e - a book of Geomancy

   Spells                             Type                      Level
   a - Sandblast                      Earth                        1
   b - Passwall                       Transmutation/Earth          2
   c - Stone Arrow                    Conjuration/Earth            3
   d - Petrify                        Transmutation/Earth          4
   e - Lee's Rapid Deconstruction     Earth                        5
Comestibles
 d - a bread ration
 o - a chunk of flesh


   Skills:
 - Level 2.7 Fighting
 + Level 3.5 Maces & Flails
 - Level 1.7 Dodging
 - Level 1.5 Stealth
 - Level 2.4 Spellcasting
 - Level 0.6 Transmutations
 - Level 2.1 Earth Magic


You had 4 spell levels left.
You knew the following spells:

 Your Spells              Type           Power        Failure   Level  Hunger
a - Sandblast             Erth           #.....       12%         1    #......
b - Passwall              Tmut/Erth      #.........   21%         2    ###....


Dungeon Overview and Level Annotations

Branches:
Dungeon (4/15)
 Temple: D:4-7

Altars:
The Shining One

Annotations:
D:2 terence w prot flail, Terence
D:3 Malvoorn's ghost, amateur DsAK
D:4 Blork the orc


Innate Abilities, Weirdness & Mutations

You are too large for most types of armour.
You have tough skin. (AC +1)


Message History

You now have 198 gold pieces (gained 16).
Found a stone staircase leading up.
The phantom blinks!
Found a dagger.
Found a bread ration.
You now have 209 gold pieces (gained 11).
There are no items here.
Found 6 gold pieces.
An iguana comes into view.
The iguana hisses angrily.
The phantom blinks!
The phantom blinks!
Found a meat ration.
The phantom blinks!
Found 5 gold pieces.
Blork the orc comes into view.
He is wielding a scimitar.
Blork the orc shouts!
The phantom blinks!
Found 6 gold pieces.
Are you sure you want to abandon this character and quit the game? (Confirm with "yes".)

..#######........$.....
............#...........
...............#........
......).......##........
............# #........
............####o.......
........................
............ยง...%.......
...........#####@.......
....######## #...#....
...#### #..$# .. ......##
##### .......##
.......<#####.
..............#
........####### ........#


You could see Blork the orc.

Vanquished Creatures
  2 adders (D:2)
  6 dart slugs
  A giant gecko (D:2)
  4 bats (D:1)
  2 giant cockroaches (D:1)
  4 goblins
  A hobgoblin (D:1)
  2 jackals (D:3)
  4 giant newts
  A kobold (D:2)
  4 rats (D:1)
  A fungus (D:1)
32 creatures vanquished.

Notes
Turn   | Place    | Note
-------+----------+-------------------------------------------
     0 | D:1      | Leszczynek the Ogre Earth Elementalist began the quest for the Orb.
     0 | D:1      | Reached XP level 1. HP: 16/16 MP: 3/3
     9 | D:1      | is this some kind of a joke?
     9 | D:1      | 3 dart slugs next to the entrance
     9 | D:1      | T A C T I C S
    24 | D:1      | Reached skill level 1 in Fighting
   193 | D:1      | Reached skill level 2 in Fighting
   193 | D:1      | Reached XP level 2. HP: 14/28 MP: 1/5
   444 | D:1      | Reached skill level 1 in Maces & Flails
   471 | D:1      | Reached XP level 3. HP: 28/36 MP: 6/6
   483 | D:1      | Learned a level 2 spell: Passwall
   564 | D:1      | Reached skill level 2 in Maces & Flails
   594 | D:1      | You fall through a shaft!
   972 | D:2      | Found a faded altar of an unknown god.
  1001 | D:2      | Found a glowing golden altar of the Shining One.
  1004 | D:2      | Became a worshipper of the Shining One
  1043 | D:2      | Reached skill level 3 in Maces & Flails
  1077 | D:2      | Reached XP level 4. HP: 41/44 MP: 3/7
  1142 | D:2      | Noticed Terence
  1204 | D:3      | Noticed Malvoorn's ghost (amateur DsAK)
  1214 | D:4      | Noticed a phantom
  1249 | D:4      | Noticed Blork the orc
  1251 | D:4      | Quit the game

Vault maps used:
D:1:      scummos_arrival_forest, minmay_gold_behind_fungi
D:2:      tso_oasis_becter, ecumenical_altar_1, uniq_terence
D:3:      portal_sewer_entry_e, serial_forest, infiniplex_forest_fountain,
          infiniplex_forest_clump_medium, infiniplex_forest_zigzag_1,
          infiniplex_forest_clump_curved, infiniplex_forest_fountain,
          infiniplex_forest_lined_corner, infiniplex_forest_straight_2
D:4:      minmay_misc_feat_cross, uniq_blork_the_orc

Skill      XL: |  1  2  3 |
---------------+----------+-----
Fighting       | 2 |  2.7
Maces & Flails | 1 3 |  3.5
Dodging        | |  1.7
Stealth        | |  1.5
Spellcasting   | |  2.4
Transmutations | |  0.6
Earth Magic    | |  2.1

Action                   |  1- 3 |  4- 6 || total
-------------------------+-------+-------++-------
Melee: Unarmed           |    27 |       ||    27
       Club              |    91 |    12 ||   103
 Cast: Sandblast         |    26 |     1 ||    27
  Eat: Chunk             |     1 |     1 ||     2
Armor: Robe              |    48 |     7 ||    55
Dodge: Dodged            |    65 |     6 ||    71
